 Dungeon Sprint DCSS version 0.25-a0-435-g4b9beb1024 (webtiles) character file.

Game seed: 9528535880262819180, levelgen mode: deterministic

138 Baz the Firebug (level 5, -9/60 HPs)
             Began as a Draconian Fire Elementalist on Jan 29, 2020.
             Was a Follower of Vehumet.
             Mangled by a fire elemental (12 damage)
             ... in the Dungeon (Sprint V: "Ziggurat Sprint").
             The game lasted 00:02:52 (450 turns).

Baz the Firebug (Draconian Fire Elementalist)        Turns: 450, Time: 00:02:53

Health: -9/60      AC:  5    Str: 15    XL:     5   Next: 1%
Magic:  15/18      EV: 12    Int: 22    God:    Vehumet [*.....]
Gold:   0          SH:  0    Dex: 12    Spells: 10/14 levels left

rFire    . . .     SeeInvis .   k - +6 Majin-Bo {vamp, Archmagi MP+6 Int+6}
rCold    . . .     Gourm    .   (shield currently unavailable)
rNeg     . . .     Faith    .   (armour unavailable)
rPois    .         Spirit   .   (helmet restricted)
rElec    .         Reflect  .   (no cloak)
rCorr    .         Harm     .   (no gloves)
MR       .....     NoTele   +   (no boots)
Stlth    ..........             (no amulet)
HPRegen  0.20/turn              (no ring)
MPRegen  0.16/turn              (no ring)

@: berserking (expiring), very quick
A: unfitting armour, cold-blooded, AC +5
a: Renounce Religion


You were in the Dungeon.
You worshipped Vehumet.
Vehumet was aware of your devotion.
You were not hungry.

You visited 1 branch

Inventory:

Hand Weapons
 k - the +6 Majin-Bo (weapon) {vamp, Archmagi MP+6 Int+6}
   (You found it in the Dungeon)

   It inflicts no extra harm, but heals its wielder when it wounds a living foe.
   It affects your intelligence (+6).
   It affects your magic capacity (+6).
Armour
 F - a +3 buckler
 G - a +3 large shield
 H - a +3 shield
Magical Staves
 D - an uncursed staff of energy
Jewellery
 t - an uncursed ring of flight
 u - a +6 ring of dexterity
 v - a +6 ring of dexterity
 w - a +6 ring of intelligence
 x - a +6 ring of intelligence
 y - a +6 ring of strength
 z - a +6 ring of strength
Wands
 A - a wand of disintegration (7)
 B - a wand of iceblast (7)
 C - a wand of acid (7)
Scrolls
 h - 4 scrolls of blinking
 n - 4 scrolls of amnesia
 o - 7 scrolls of fog
 p - a scroll of holy word
 q - 5 scrolls of identify
 r - 5 scrolls of remove curse
 s - 2 scrolls of fear
Potions
 a - 2 potions of brilliance
 c - 9 potions of curing
 d - 10 potions of heal wounds
 e - 6 potions of haste
 f - 7 potions of magic
 g - 2 potions of berserk rage
 i - 2 potions of invisibility
 j - 4 potions of resistance
 l - 5 potions of agility
 m - 5 potions of might
Miscellaneous
 E - a crystal ball of energy
Comestibles
 b - 7 rations


   Skills:
 - Level 1.3 Fighting
 - Level 1.7 Dodging
 - Level 1.7 Stealth
 + Level 2.6 Shields
 + Level 5.4 Spellcasting
 * Level 6.4 Conjurations
 * Level 7.1 Fire Magic


You had 10 spell levels left.
You knew the following spells:

 Your Spells              Type           Power        Failure   Level  Hunger
a - Foxfire               Conj/Fire      ####         1%          1    None
b - Conjure Flame         Conj/Fire      ######..     1%          3    ##.....

Your spell library contained the following spells:

 Spells                   Type           Power        Failure   Level  Hunger
 Freeze                   Ice            #...         10%         1    None
 Sticky Flame             Conj/Fire      ######..     6%          4    ####...
 Inner Flame              Hex/Fire       ####....     7%          3    ##.....
 Fireball                 Conj/Fire      ######....   17%         5    #####..


Dungeon Overview and Level Annotations

Branches:
Dungeon (1/1)

Altars:
Ashenzari
Cheibriados
Dithmenos
Elyvilon
Fedhas
Gozag
Hepliaklqana
Kikubaaqudgha
Makhleb
Nemelex Xobeh
Okawaru
Qazlal
Ru
Sif Muna
Trog
Uskayaw
Vehumet
Wu Jian
Xom
Yredelemnul
Zin
The Shining One
Beogh
Jiyva
Lugonu

Annotations:
D 1 transporter


Innate Abilities, Weirdness & Mutations

Your plain brown scales are hard. (AC +5)
You cannot fit into any form of body armour.
You are cold-blooded and may be slowed by cold attacks.


Message History

You can now gain magical power from killing.
Vehumet offers you knowledge of Freeze.
Your Shields skill gained 2 levels and is now at level 2!
Your Spellcasting skill increases to level 5!
Your Conjurations skill gained 2 levels and is now at level 6!
Your Fire Magic skill gained 2 levels and is now at level 7!
You have reached level 4!
You feel agile.
You have reached level 5!
The fire elemental barely misses you.
You sock the fire elemental!
Your tail-slap misses the fire elemental.
The fire elemental is heavily damaged.
The fire elemental misses you. The fire elemental hits you.
The fire elemental burns you!
* * * LOW HITPOINT WARNING * * *
You barely miss the fire elemental.
The fire elemental is moderately damaged.
The fire elemental hits you. The fire elemental burns you!
You die...

▓▓▓▓▓▓▓▓▓▓▓▓▓
▓.8©8.▓.8©8.▓
▓.[):.▓.....▓
▓.....▓.[.[.▓
▓.v...▓..)..▓
▓.....▓..)..▓
▓.E...▓..©..▓
▓.@©..▓▓▓▓▓▓▓
▓▓▓▓▓▓▓


You could see a fire elemental and a fire vortex.

Vanquished Creatures
  A hell hound (D)
  An orc wizard (D)
  An orc (D)
3 creatures vanquished.

Vanquished Creatures (others)
  Erolcha (D)
  A spatial maelstrom (D)
  10 foxfires (D)
12 creatures vanquished.

Grand Total: 15 creatures vanquished

Notes
Turn   | Place    | Note
-------+----------+-------------------------------------------
     0 | D        | Baz the Draconian Fire Elementalist began the quest for the
                  | Orb.
     0 | D        | Reached XP level 1. HP: 14/14 MP: 3/3
     0 | D        | Found a shimmering blue altar of Sif Muna.
     0 | D        | Found a sacrificial altar of Ru.
     0 | D        | Found a bloodstained altar of Trog.
     0 | D        | Found a stormy altar of Qazlal.
     0 | D        | Found an iron altar of Okawaru.
     0 | D        | Found a sparkling altar of Nemelex Xobeh.
     0 | D        | Found a blossoming altar of Fedhas.
     0 | D        | Banished a spatial maelstrom
     1 | D        | Found the +6 Majin-Bo {vamp, Archmagi MP+6 Int+6}
     1 | D        | Found the +7 great mace "Firestarter" {inner flame, rF++}
     2 | D        | Found a transporter.
     2 | D        | Found an ancient bone altar of Kikubaaqudgha.
     2 | D        | Found a viscous altar of Jiyva.
     2 | D        | Found a corrupted altar of Lugonu.
     2 | D        | Found a hazy altar of Hepliaklqana.
     2 | D        | Found a burning altar of Makhleb.
     2 | D        | Found an opulent altar of Gozag.
    36 | D        | Became a worshipper of Vehumet
    48 | D        | Found the +9 heavy crossbow "Sniper" {vorpal, Acc+∞ SInv}
    48 | D        | Found the +10 dark maul {vorpal}
    48 | D        | Found the +15 Maxwell's patent armour {-Cast -Tele rElec
                  | MR+ rCorr}
    48 | D        | Found the +18 shield of the Gong {rElec rN+ MR+ EV-5}
    48 | D        | Found the cursed +14 obsidian axe {vorpal, +Fly SInv
                  | *Curse}
    49 | D        | Found the +6 shillelagh "Devastator" {shatter}
    49 | D        | Found the +11 plutonium sword {*Contam Stlth-}
    49 | D        | Found the +8 lance "Wyrmbane" {slay drac, rPois rF+ rC+
                  | AC+3}
    49 | D        | Found the +9 sword of Zonguldrok {reap}
    49 | D        | Found the cursed +13 scythe of Curses {drain, *Curse}
    49 | D        | Found the +0 sword of Power
    49 | D        | Found the +7 mace of Variability {chain chaos}
    49 | D        | Found the +7 Singing Sword {vorpal, sonic wave}
    49 | D        | Found the +8 storm bow {elec, penet}
    64 | D        | Reached skill level 5 in Fire Magic
    64 | D        | Reached XP level 2. HP: 20/20 MP: 4/7
   151 | D        | Entered arena 2.
   151 | D        | Found a transporter.
   161 | D        | Reached skill level 1 in Fighting
   161 | D        | Reached XP level 3. HP: 3/28 MP: 9/9
   350 | D        | Killed Erolcha
   436 | D        | Learned a level 3 spell: Conjure Flame
   440 | D        | Entered arena 3.
   440 | D        | Noticed a hell hound
   440 | D        | Noticed a fire elemental
   440 | D        | Found a transporter.
   448 | D        | Killed a hell hound
   448 | D        | Reached * piety under Vehumet
   448 | D        | Offered knowledge of Freeze by Vehumet.
   448 | D        | Reached skill level 5 in Spellcasting
   448 | D        | Reached skill level 7 in Fire Magic
   448 | D        | Reached XP level 4. HP: 11/35 MP: 11/11
   448 | D        | Reached XP level 5. HP: 13/40 MP: 12/12
   449 | D        | HP: 3/60 [fire elemental (10)]
   450 | D        | Mangled by a fire elemental

Levels and vault maps discovered:
D:        sprint_v [room_start, room_1, room_2, room_3, room_4, room_5, room_6,
          room_7, room_8, room_9, room_10, room_11, room_12, room_13, room_14,
          room_15, room_16, room_17, room_18, room_19, room_20, room_21,
          room_22, room_23, room_24, room_25, room_26, room_27]

Skill      XL: |  1  2  3 |
---------------+----------+-----
Spellcasting   | 4 5 |  5.4
Conjurations   | 4 6 |  6.4
Fire Magic     | 5 7 |  7.1
Fighting       | 1 |  1.3
Shields        | 2 |  2.6
Dodging        | |  1.7
Stealth        | |  1.7

Action                   |  1- 3 |  4- 6 || total
-------------------------+-------+-------++-------
Melee: Quarterstaff      |     4 |     2 ||     6
 Cast: Foxfire           |     5 |       ||     5
  Use: Potion            |     3 |       ||     3
Armor: Skin              |     4 |     2 ||     6
Dodge: Dodged            |     5 |     2 ||     7

Table legend:
 A = Non-vault XP
 B = Vault XP
 C = Vault XP percentage of total XP
 D = Non-vault monster count
 E = Vault monster count
 F = Vault count percentage of total count
                 A         B        C        D         E       F
            +---------+---------+-------+---------+---------+-------
      Total |       0 |     186 | 100.0 |       0 |       3 | 100.0
            +---------+---------+-------+---------+---------+-------
          D |       0 |     186 | 100.0 |       0 |       3 | 100.0
            +---------+---------+-------+---------+---------+-------
